 Dungeon Crawl Stone Soup version 0.30.1-9-gdf580d7c3d (webtiles) character file.

Game seed: 2239774898261350128

56 Atelerd the Digger (level 3, 0/21 HPs)
             Began as an Octopode Earth Elementalist on Sept 24, 2023.
             Succumbed to a goblin's poison
             ... on level 2 of the Dungeon.
             The game lasted 00:01:34 (1588 turns).

Atelerd the Digger (Octopode Earth Elementalist)    Turns: 1588, Time: 00:01:34

Health: 0/21       AC:  1    Str:  7    XL:     3   Next: 97%
Magic:  4/7        EV: 13    Int: 17    God:
Gold:   84         SH:  0    Dex: 14    Spells: 6/7 levels left

rFire   . . .        m - +0 dagger (drain)
rCold   . . .        (no shield)
rNeg    . . .        (helmet restricted)
rPois   .            (no amulet)
rElec   .            e - ring of willpower
rCorr   .            (no ring)
SInv    .            (no ring)
Will    +....        (no ring)
Stlth   +++          (no ring)
HPRegen 0.23/turn    (no ring)
MPRegen 0.10/turn    (no ring)
                     (no ring)

%: no passive effects
@: lethally poisoned (0 -> -2)
A: almost no armour, amphibious, 8 rings, camouflage 1, gelatinous body 1,
(nimble swimmer 1), tentacles
a: no special abilities


You were on level 2 of the Dungeon.
You visited 1 branch of the dungeon, and saw 2 of its levels.

You collected 84 gold pieces.

Inventory:

Hand Weapons
 d - a +0 dagger
 m - a +0 dagger of draining (weapon)
Jewellery
 e - a ring of willpower (left tentacle)
Scrolls
 b - 3 scrolls of identify {unknown}
 f - a scroll of immolation {unknown}
 h - 2 scrolls of teleportation {unknown}
 i - a scroll of enchant weapon {unknown}
 j - a scroll of butterflies {unknown}
 k - a scroll of amnesia {unknown}
 l - a scroll of vulnerability {unknown}
Potions
 a - a potion of magic
 c - a potion of attraction


   Skills:
 - Level 2.0 Dodging
 - Level 2.6 Stealth
 + Level 2.7 Spellcasting
 + Level 2.2 Transmutations
 + Level 3.6 Earth Magic


You had 6 spell levels left.
You knew the following spells:

 Your Spells              Type           Power      Damage    Failure   Level
a - Sandblast             Erth           28%        2d8       4%          1

Your spell library contained the following spells:

 Spells                   Type           Power      Damage    Failure   Level
 Passwall                 Tmut/Erth      10%        N/A       9%          2
 Stone Arrow              Conj/Erth      16%        3d8       26%         3
 Petrify                  Tmut/Erth      12%        N/A       47%         4
 Blade Hands              Tmut           4%         N/A       89%         5
 Irradiate                Conj/Tmut      3%         3d12      97%         5
 Dragon Form              Tmut           4%         N/A       100%        7
 Chain Lightning          Conj/Air       1%         3d1       100%        9
 Fire Storm               Conj/Fire      1%         7d1       100%        9
 Shatter                  Erth           7%         3d9*      100%        9


Dungeon Overview and Level Annotations

Branches:
Dungeon (2/15)

Altars:


Innate Abilities, Weirdness & Mutations

You cannot wear most types of armour.
You are amphibious.
You can wear up to eight rings at the same time.
Your skin changes colour to match your surroundings (Stealth+).
Your rubbery body absorbs attacks. (AC +1, EV +1)
((You are camouflaged when in or above water. (Stealth+)))
You have tentacles for arms and can constrict up to eight enemies at once.


Message History

You are poisoned.
Casting: Sandblast (safe; 4% risk of failure)
Confirm with . or Enter, or press ? or * to list all spells.
Aiming: Sandblast (safe; 4% risk of failure)
Press: ? - help, Shift-Dir - straight line, f - goblin
Aim: a goblin, wielding a +2 dagger of venom (77% to hit)
You miscast Sandblast.
You are very lightly contaminated with residual magic.
Nothing appears to happen.
You feel sick. The hobgoblin misses you. The goblin misses you.
Casting: Sandblast (safe; 4% risk of failure)
Confirm with . or Enter, or press ? or * to list all spells.
Aiming: Sandblast (safe; 4% risk of failure)
Press: ? - help, Shift-Dir - straight line, f/p - goblin
Aim: a goblin, wielding a +2 dagger of venom (77% to hit)
The blast of sand hits the goblin!
You kill the goblin!
* * * LOW HITPOINT WARNING * * *
You feel sick.
The hobgoblin no longer looks unusually strong.
The hobgoblin hits you.
* * * LOW HITPOINT WARNING * * *
It was a potion of cancellation.
Your magical effects are unravelling.
You feel magically purged.
Your magical contamination has completely faded away.
* * * LOW HITPOINT WARNING * * *
You feel sick. The hobgoblin hits you.
* * * LOW HITPOINT WARNING * * *
You feel less attractive to monsters.
You hit the hobgoblin. Your grab misses the hobgoblin.
The hobgoblin is heavily wounded.
* * * LOW HITPOINT WARNING * * *
You feel sick. The hobgoblin misses you.
Unknown command.
Unknown command.
You closely miss the hobgoblin. You grab the hobgoblin.
You squeeze the hobgoblin.
You kill the hobgoblin!
You die...

### # #.### . #..<# .#
#.#### .# #.....
#########.# ######
.....g).).# ##########
#####...#.#........#
#.)@)...'.#........#
#.###...###........# #.#
#...# #........# #.###...#
#........# ##.......#
#.....####
##.####...##...###.........
......†....'........#######
.#....##.#.#......####)##
.....# #.#.#...#### ###.##


There were no monsters in sight!

Vanquished Creatures
  Robin (D:2)
  An adder (D:2)
  4 endoplasms
  A giant cockroach (D:1)
  3 hobgoblins
  A jackal (D:2)
  3 kobolds
  4 ball pythons
  4 bats
  2 frilled lizards
  9 goblins
  2 rats
35 creatures vanquished.

Notes
Turn   | Place    | Note
-------+----------+-------------------------------------------
     0 | D:1      | Atelerd the Octopode Earth Elementalist began the quest for
                  | the Orb.
     0 | D:1      | Reached XP level 1. HP: 11/11 MP: 3/3
   194 | D:1      | Reached XP level 2. HP: 17/17 MP: 1/5
  1228 | D:2      | Reached XP level 3. HP: 13/21 MP: 2/6
  1564 | D:2      | Noticed Robin
  1582 | D:2      | Killed Robin
  1587 | D:2      | HP: 1/21 [poisoned by a goblin]
  1588 | D:2      | Succumbed to a goblin's poison

Illustrated notes

Levels and vault maps discovered:
D:1:      lightli_arrival_boilingwater, layout_basic
D:2:      wad_crossroads, layout_basic, shapermc_ecumenical_altar_rom_forum,
          uniq_robin

Skill      XL: |  1  2  3 |
---------------+----------+-----
Transmutations | 2 |  2.2
Dodging        | |  2.0
Stealth        | |  2.6
Spellcasting   | |  2.7
Earth Magic    | |  3.6

Action                     || total
---------------------------++-------
  Melee: Dagger            ||    18
         Unarmed           ||     3
         Constrict         ||     5
         Tentacles         ||     5
         Punch             ||     1
   Cast: Sandblast         ||    38
    Use: Potion            ||     6
   Stab: Sleeping          ||     2
 Armour: Skin              ||     1
  Dodge: Dodged            ||    28
